 Dungeon Crawl Stone Soup version 0.22-a0-445-g8c8ef71 (webtiles) character file.

123 tilp the Chiller (level 5, -1/35 HPs)
             Began as a Merfolk Ice Elementalist on June 2, 2018.
             Slain by a centaur zombie (5 damage)
             ... on level 4 of the Dungeon.
             The game lasted 00:06:08 (3526 turns).

tilp the Chiller (Merfolk Ice Elementalist)         Turns: 3526, Time: 00:06:08

Health: -1/35      AC:  7    Str:  8    XL:     5   Next: 7%
Magic:  5/8        EV: 13    Int: 15    God:
Gold:   174        SH:  0    Dex: 15    Spells: 2/8 levels left

rFire    . . .     SeeInvis .   k - +2 dagger (venom)
rCold    . . .     Gourm    .   (no shield)
rNeg     . . .     Faith    .   a - +0 robe
rPois    .         Spirit   .   (no helmet)
rElec    .         Reflect  .   (no cloak)
rCorr    .         Harm     .   (no gloves)
MR       .....                  (no boots)
Stlth    ++........             (no amulet)
HPRegen  0.11/turn              (no ring)
MPRegen  0.11/turn              (no ring)

@: icy armour
A: change form in water, swift swim, stealthy swim
a: no special abilities


You were on level 4 of the Dungeon.
You were hungry.

You visited 1 branch of the dungeon, and saw 4 of its levels.

You collected 174 gold pieces.

Inventory:

Hand Weapons
 g - a +0 dagger
 h - a +2 whip of freezing
 k - a +2 dagger of venom (weapon)
 n - a +0 hunting sling
Missiles
 b - 134 stones (quivered)
Armour
 a - a +0 robe (worn)
Scrolls
 d - a scroll of magic mapping {unknown}
 f - 4 scrolls of enchant weapon {unknown}
 i - a scroll of fog {unknown}
 j - 3 scrolls of teleportation {unknown}
 m - 5 scrolls of identify {unknown}
 o - a scroll of enchant armour {unknown}
 s - a scroll of remove curse {unknown}
 t - a scroll of fear {unknown}
Potions
 e - 2 potions of curing {unknown}
 l - a potion of heal wounds {unknown}
 p - a potion of resistance {unknown}
 q - a potion of brilliance {unknown}
Comestibles
 c - 5 rations


   Skills:
 - Level 2.6 Dodging
 - Level 2.1 Stealth
 - Level 2.0 Spellcasting
 - Level 0.7 Conjurations
 + Level 6.1 Ice Magic


You had 2 spell levels left.
You knew the following spells:

 Your Spells              Type           Power        Failure   Level  Hunger
a - Freeze                Ice            ###.         1%          1    #......
b - Throw Frost           Conj/Ice       ##....       9%          2    ###....
c - Ozocubu's Armour      Chrm/Ice       ##......     19%         3    ###....

Your spell library contained the following spells:

 Spells                   Type           Power        Failure   Level  Hunger
 Summon Ice Beast         Ice/Summ       ##......     52%         4    #####..
 Throw Icicle             Conj/Ice       ##......     47%         4    #####..


Dungeon Overview and Level Annotations

Branches:
Dungeon (4/15)
 Temple: D:4-7

Altars:

Annotations:
D:3 emperorscorpion's ghost, amateur GnSk


Message History

You hit the centaur zombie.
The centaur zombie is severely damaged.
The centaur zombie hits you. x2
You hit the centaur zombie.
The centaur zombie is severely damaged.
The centaur zombie closely misses you.
You hit the centaur zombie.
The centaur zombie is almost destroyed.
The centaur zombie hits you!
* * * LOW HITPOINT WARNING * * *
Casting: Ozocubu's Armour (safe; 19% risk of failure)
Confirm with . or Enter, or press ? or * to list all spells.
Aiming: Freeze (safe; 1% risk of failure)
Press: ? - help, Shift-Dir - straight line, f - centaur zombie
Aim: a centaur zombie (almost destroyed)
You freeze the centaur zombie.
The centaur zombie completely resists.
The centaur zombie is almost destroyed.
The centaur zombie hits you but does no damage.
The centaur zombie hits you.
You die...

#.....................
##...............<....
#...................#
###..................
#..................
##.................
##?...............
##.)..............
#@................
#Z.#.......
#..##...... $.## #####
...# ...# ...## ...


You could see a centaur zombie.

Vanquished Creatures
  A hound skeleton (D:4)
  5 adders
  An ooze (D:1)
  An adder skeleton (D:4)
  A worm (D:2)
  4 dart slugs
  A leopard gecko (D:2)
  6 bats
  5 giant cockroaches
  5 goblins
  A hobgoblin (D:1)
  4 jackals (D:2)
  5 kobolds (D:1)
  A quokka (D:2)
  A ball python (D:3)
  2 frilled lizards
  7 rats
51 creatures vanquished.

Notes
Turn   | Place    | Note
-------+----------+-------------------------------------------
     0 | D:1      | tilp the Merfolk Ice Elementalist began the quest for the Orb.
     0 | D:1      | Reached XP level 1. HP: 13/13 MP: 3/3
   181 | D:1      | Reached XP level 2. HP: 19/19 MP: 1/5
   182 | D:1      | Reached skill level 4 in Ice Magic
   590 | D:1      | Reached XP level 3. HP: 24/24 MP: 4/6
   594 | D:1      | Learned a level 2 spell: Throw Frost
   598 | D:1      | Learned a level 3 spell: Ozocubu's Armour
  1198 | D:2      | Reached skill level 5 in Ice Magic
  1783 | D:2      | Reached XP level 4. HP: 30/30 MP: 7/7
  3019 | D:3      | Noticed emperorscorpion's ghost (amateur GnSk)
  3283 | D:4      | Reached skill level 6 in Ice Magic
  3344 | D:4      | Reached XP level 5. HP: 18/35 MP: 4/8
  3526 | D:4      | Slain by a centaur zombie

Vault maps used:
D:1:      dpeg_arrival_lava_temple_mockup, st_stairs_3
D:2:      serial_co_window_serial, co_window_paths_a, co_window_corner_a,
          co_window_of_opportunity_a, co_window_paths_a, co_window_paths_a,
          co_window_corner_a, co_window_corner_a, co_window_broadway_c,
          co_window_unsneaky_path_d, co_window_broadway_a, co_window_2corner,
          co_window_paths_c, co_window_4corner_b, glass_columns_a,
          glass_columns_b, minmay_misc_feat_chi
D:4:      first_ration

Skill      XL: |  1  2  3  4 |
---------------+-------------+-----
Ice Magic      | 4 5 6 |  6.1
Dodging        | |  2.6
Stealth        | |  2.1
Spellcasting   | |  2.0
Conjurations   | |  0.7

Action                   |  1- 3 |  4- 6 || total
-------------------------+-------+-------++-------
Melee: Unarmed           |     1 |       ||     1
       Whip              |    30 |       ||    30
       Dagger            |    36 |    56 ||    92
Throw: Stone             |       |     1 ||     1
 Cast: Freeze            |    16 |    10 ||    26
       Ozocubu's Armour  |     2 |     4 ||     6
 Stab: Sleeping          |     7 |     2 ||     9
  Eat: Chunk             |     3 |     6 ||     9
Armor: Robe              |    18 |     9 ||    27
Dodge: Dodged            |    49 |    36 ||    85

Table legend:
 A = Spawn XP
 B = Non-spawn XP
 C = Spawn XP percentage of total XP
 D = Spawn monster count
 E = Non-spawn monster count
 F = Spawn count percentage of total count
 G = Total turns spent on level
                    A         B        C        D         E        F      G
               +---------+---------+-------+---------+---------+-------+---------
         Total |       0 |     177 |   0.0 |       0 |      51 |   0.0 |  3526
               +---------+---------+-------+---------+---------+-------+---------
           D:1 |       0 |      49 |   0.0 |       0 |      22 |   0.0 |   807
           D:2 |       0 |      72 |   0.0 |       0 |      20 |   0.0 |  1729
           D:3 |       0 |      32 |   0.0 |       0 |       7 |   0.0 |   741
           D:4 |       0 |      24 |   0.0 |       0 |       2 |   0.0 |   249
               +---------+---------+-------+---------+---------+-------+---------
